 Dungeon Crawl Stone Soup version 0.19.1 (webtiles) character file.

1244 Host24 the Fighter (level 8, -2/56 HPs)
             Began as a Kobold Hunter on Jan 1, 2017.
             Killed by divine providence
             ... invoked by an orc priest
              (13 damage)
             ... on level 6 of the Dungeon.
             The game lasted 00:15:28 (6912 turns).

Host24 the Fighter (Kobold Hunter)                  Turns: 6912, Time: 00:15:28

Health: -2/56      AC:  8    Str:  7    XL:     8   Next: 79%
Magic:  8/8        EV: 19    Int: 12    God:
Gold:   328        SH:  0    Dex: 18    Spells: 0 memorised, 7 levels left

rFire  . . .     SeeInvis .     z - +2 whip (flame)
rCold  + . .     Gourm    .     C - +2 leather armour {rC+}
rNeg   . . .     Faith    .     (shield restricted)
rPois  .         Spirit   .     N - +0 helmet
rElec  +         Reflect  .     E - +1 cloak
rCorr  .         Harm     .     (no gloves)
MR     .....                    (no boots)
Stlth  ++........               (no amulet)
                                (no ring)
                                (no ring)

@: no status effects
A: carnivore 3, high mp 1, electricity resistance, weak 1, evolution 1
a: no special abilities


You were on level 6 of the Dungeon.
You were completely stuffed.

You visited 1 branch of the dungeon, and saw 6 of its levels.

You collected 328 gold pieces.

Inventory:

Hand Weapons
 a - a +1 hand crossbow
 b - a +0 short sword
 u - a +0 hand axe of electrocution
 v - a +1 dagger of electrocution
 z - a +2 whip of flaming (weapon)
 D - a +2 flail of protection
 K - a +0 hunting sling of flaming
Missiles
 m - 112 stones (quivered)
 r - 56 arrows
 y - 44 sling bullets
Armour
 C - a +2 leather armour of cold resistance (worn)
 E - a +1 cloak (worn)
 N - a +0 helmet (worn)
Jewellery
 o - an uncursed ring of wizardry {unknown}
 t - an uncursed ring of positive energy {unknown}
 F - an uncursed amulet of magic regeneration
 G - an uncursed ring of protection from magic {unknown}
Wands
 s - a wand of flame (8/48)
Scrolls
 i - 2 scrolls of enchant weapon {unknown}
 j - 2 scrolls of remove curse {unknown}
 k - 3 scrolls of amnesia {unknown}
 l - 5 scrolls of identify
 n - a scroll of recharging {unknown}
 q - 2 scrolls of teleportation {unknown}
 w - 2 scrolls of immolation {unknown}
 H - a scroll of random uselessness {unknown}
Potions
 c - a potion of brilliance {unknown}
 e - 2 potions of haste
 g - a potion of mutation
 h - a potion of agility
 x - a potion of might {unknown}
 A - a potion of flight
 B - a potion of beneficial mutation {unknown}
 I - a potion of heal wounds
 J - a potion of cancellation
 L - a potion of curing {unknown}
Comestibles
 f - 2 meat rations
 p - 2 beef jerkies
 M - 2 chunks of flesh


   Skills:
 - Level 9.1 Fighting
 - Level 5.0 Crossbows
 + Level 7.2 Dodging
 - Level 1.3 Stealth


You had 7 spell levels left.
You didn't know any spells.

Dungeon Overview and Level Annotations

Branches:
Dungeon (6/15)
 Temple: D:4-7

Altars:
Dithmenos
Nemelex Xobeh
Sif Muna

Shops:
D:4 (


Innate Abilities, Weirdness & Mutations

You are small and have problems with some larger weapons.
You are carnivorous and can eat meat at any time.
You have an increased reservoir of magic. (+10% MP)
You are resistant to electric shocks. (rElec)
You are weak. (Str -2)
You evolve.


Message History

The orc priest hits you with a falchion.
You barely miss the orc priest.
The orc priest is lightly wounded.
The orc closely misses you.
The orc priest hits you with a falchion.
You hit the orc priest but do no damage.
The orc priest is lightly wounded.
The orc hits you but does no damage. The orc priest barely misses you.
You closely miss the orc priest.
The orc priest is lightly wounded.
The orc barely misses you.
The orc priest mumbles some strange prayers to Beogh against you.
Beogh smites you!
* * * LOW HITPOINT WARNING * * *
You hit the orc priest but do no damage.
The orc priest is lightly wounded.
The orc closely misses you.
The orc priest mumbles some strange prayers to Beogh against you.
Beogh smites you!
You die...

.## #............# #.#
#....#....#..# ##.###
##.######.....#
#....#####..# ###...# .
...#....##..## ##..#####...
######.......# ##......... #
##.......# ######.........##
#.........##o(.(..####......
#..........@o..(.(## #....
#####...........######..##
#.... ...>............#
#....###...#
...............##
#..#......# #####........#..
#..###o.o..# ...#.. ...#
##....(# . ...#. ....
##.#.... # .. >. .. #.... .#
#.. #####... .... .. .


You could see an orc priest and an orc.

Vanquished Creatures
  Edmund (D:5)
  A sky beast (D:5)
  An ogre (D:6)
  A centaur (D:4)
  A bullfrog (D:6)
  A scorpion (D:5)
  A howler monkey (D:4)
  3 orc wizards
  3 hounds (D:5)
  An orc priest (D:5)
  A bullfrog skeleton (D:5)
  A jelly (D:5)
  An iguana (D:4)
  3 worker ants
  11 gnolls
  12 adders
  A shadow imp (D:5)
  An ooze (D:2)
  An adder skeleton (D:4)
  2 worms
  A dart slug (D:2)
  3 leopard geckos
  19 orcs
  A ball python (D:3)
  5 bats
  5 giant cockroaches
  11 hobgoblins
  13 jackals
  9 quokkas
  3 frilled lizards
  9 goblins
  11 kobolds
  9 rats
147 creatures vanquished.

Notes
Turn   | Place    | Note
-------+----------+-------------------------------------------
     0 | D:1      | Host24 the Kobold Hunter began the quest for the Orb.
     0 | D:1      | Reached XP level 1. HP: 12/12 MP: 1/1
   253 | D:1      | Reached XP level 2. HP: 6/18 MP: 2/2
   255 | D:1      | Reached skill level 3 in Fighting
   568 | D:1      | Reached XP level 3. HP: 20/23 MP: 3/3
   768 | D:2      | Reached skill level 5 in Crossbows
   768 | D:2      | Reached XP level 4. HP: 7/28 MP: 4/4
  1225 | D:2      | Reached skill level 4 in Fighting
  1692 | D:2      | Reached XP level 5. HP: 20/34 MP: 5/5
  1914 | D:2      | Gained mutation: You are weak. (Str -2) [potion of mutation]
  1914 | D:2      | Gained mutation: You evolve. [potion of mutation]
  1914 | D:2      | Gained mutation: You are resistant to electric shocks. (rElec) [potion of mutation]
  1914 | D:2      | HP: 1/34 [poisoned by an adder]
  2091 | D:2      | Reached skill level 5 in Fighting
  2718 | D:2      | Reached XP level 6. HP: 22/41 MP: 6/6
  3109 | D:3      | Reached skill level 6 in Fighting
  3114 | D:3      | Found a sparkling altar of Nemelex Xobeh.
  3442 | D:3      | Found a deep blue altar of Sif Muna.
  4767 | D:4      | Reached skill level 7 in Fighting
  4767 | D:4      | Reached XP level 7. HP: 28/48 MP: 7/7
  5060 | D:4      | Found Doucrud's Antique Weapon Shoppe.
  5402 | D:5      | Entered Level 5 of the Dungeon
  5402 | D:5      | Noticed Edmund
  5429 | D:5      | Reached skill level 8 in Fighting
  5432 | D:5      | Killed Edmund
  5865 | D:5      | Found a shadowy altar of Dithmenos.
  5936 | D:5      | Reached XP level 8. HP: 52/56 MP: 8/8
  5943 | D:5      | Reached skill level 9 in Fighting
  6348 | D:5      | Reached skill level 5 in Dodging
  6622 | D:5      | Gained mutation: You have an increased reservoir of magic. (+10% MP) [evolution]
  6912 | D:6      | Killed from afar by an orc priest

Skill      XL: |  1  2  3  4  5  6  7  8 |
---------------+-------------------------+-----
Fighting       | 3 4 5 7 8 9 |  9.1
Dodging        | 3 7 |  7.2
Crossbows      | 5 |  5.0
Stealth        | |  1.3

Action                   |  1- 3 |  4- 6 |  7- 9 || total
-------------------------+-------+-------+-------++-------
Melee: Short sword       |    69 |   293 |       ||   362
       Whip              |       |    12 |   203 ||   215
       Flail             |       |       |     6 ||     6
 Fire: Hand crossbow     |    13 |    79 |    52 ||   144
Throw: Stone             |       |     1 |     5 ||     6
  Use: Potion            |       |     8 |     2 ||    10
       Scroll            |       |       |     1 ||     1
 Stab: Sleeping          |       |     3 |     6 ||     9
  Eat: Chunk             |     8 |    11 |     9 ||    28
Armor: Leather armour    |    15 |    66 |    52 ||   133
Dodge: Dodged            |    71 |   328 |   235 ||   634
